AoeStats
← Guenkor

Golden Pit

509988900Analyzed
1v1 RM · 3d ago on Sep 28, 2026· 46m 21s· 2 players
Game mode
Random Map
Map size
Tiny (2 player)
Population
200
Speed
Normal
Resources
Standard
Victory
Conquest
Starting age
Dark Age
Ending age
Imperial Age
RankedLock teamsTeams togetherTeam positionsShared explorationLock speedFull tech treeHidden civsTurbo modeCheats
Victory
Defeat
🇦🇷 Mongols · Argentina
707
+15
🇲🇽 Mongols · Mexico
692
-15
Guenkor
11:08 Feudal Age
11:48 Double-Bit Axe
11:48 Horse Collar
23:43 Gold Mining
26:23 Castle Age
24:10 Man-at-Arms
25:47 Forging
27:16 Pikeman
27:17 Long Swordsman
34:01 Bow Saw
37:03 Scale Mail Armor
41:39 Gold Shaft Mining
44:30 Imperial Age
42:47 Stone Mining
NicoNico2291
2:48 Loom
10:42 Feudal Age
11:16 Town Watch
11:43 Double-Bit Axe
11:41 Horse Collar
15:07 Bloodlines
20:45 Forging
23:41 Castle Age
22:15 Scale Barding Armor
22:25 Gold Mining
27:27 Padded Archer Armor
27:18 Fletching
28:47 Husbandry
29:14 Bodkin Arrow
40:02 Imperial Age
41:04 Wheelbarrow
40:45 Bow Saw
40:51 Stone Mining
47:14 Hand Cart
Connection lost

Rejoining the realm…

Still unreachable

The connection could not be restored.

Session expired

The server has moved on; the page needs a fresh start.